 Dungeon Crawl Stone Soup version 0.28-a0-983-g1de4e0787c (webtiles) character file.

Game seed: 13395927491646205742

37 Decritt the Skirmisher (level 3, -5/24 HPs)
             Began as a Gargoyle Fighter on Dec 3, 2021.
             Slain by Sigmund (9 damage)
             ... on level 2 of the Dungeon.
             The game lasted 00:02:26 (1515 turns).

Decritt the Skirmisher (Gargoyle Fighter)           Turns: 1515, Time: 00:02:27

Health: -5/24      AC: 11    Str: 21    XL:     3   Next: 41%
Magic:  1/1        EV:  9    Int:  8    God:
Gold:   62         SH:  4    Dex:  9    Spells: 2/2 levels left

rFire   . . .      SeeInvis .   h - +2 hand axe (antimagic)
rCold   . . .      Faith    .   c - +0 buckler
rNeg    + . .      Spirit   .   b - +0 scale mail
rPois   ∞          Reflect  .   n - +0 helmet
rElec   +          Harm     .   p - scarf {shadows}
rCorr   .          Rampage  .   (no gloves)
Will    .....                   (no boots)
Stlth   ..........              (no amulet)
HPRegen 0.08/turn               (no ring)
MPRegen 0.07/turn               (no ring)

@: no status effects
A: sickness immunity, AC +3, negative energy resistance 1, electricity
resistance, torment resistance 1, petrification resistance
a: no special abilities


You were on level 2 of the Dungeon.
You visited 1 branch of the dungeon, and saw 2 of its levels.

You collected 62 gold pieces.

Inventory:

Hand Weapons
 a - a +0 flail
 h - a +2 antimagic hand axe (weapon)
Armour
 b - a +0 scale mail (worn)
 c - a +0 buckler (worn)
 n - a +0 helmet (worn)
 p - a scarf of shadows (worn)
Jewellery
 k - an amulet of faith
Scrolls
 m - a scroll of summoning {unknown}
Potions
 d - a potion of might
 e - a potion of haste {unknown}
 f - a potion of resistance
 g - a potion of curing {unknown}
 i - a potion of berserk rage {unknown}
 j - a potion of mutation {unknown}
 l - a potion of lignification {unknown}
 o - a potion of magic {unknown}


   Skills:
 * Level 4.0 Fighting
 + Level 2.3 Maces & Flails
 + Level 3.6 Armour
 + Level 3.6 Shields


You had 2 spell levels left.
You didn't know any spells.
Your spell library was empty.

Dungeon Overview and Level Annotations

Branches:
Dungeon (2/15)

Altars:

Shops:
D:1 [[

Annotations:
D:2 Sigmund


Innate Abilities, Weirdness & Mutations

You are immune to sickness and miasma.
Your stone body is resilient. (AC +3)
You are immune to poison.
You resist negative energy. (rN+)
You are resistant to electric shocks. (rElec)
You are resistant to unholy torment.
You are immune to petrification.


Message History

Sigmund suddenly seems more resistant.
Sigmund hits you but does no damage.
You completely miss Sigmund. Sigmund misses you.
You closely miss Sigmund.
Sigmund is suddenly surrounded by pale green light.
Sigmund barely misses you.
Your scale mail prevents you from hitting Sigmund.
You hit Sigmund.
Sigmund's magic leaks into the air.
Sigmund is lightly wounded.
Sigmund gestures wildly while chanting.
Sigmund flickers and vanishes!
Deactivating autopickup; reactivate with Ctrl-A.
Something hits you but does no damage.
You miss something. You barely miss something.
Something hits you but does no damage.
You closely miss something. Something hits you.
You barely miss something. Something hits you but does no damage.
You closely miss something. Something hits you.
You closely miss something. Something hits you but does no damage.
You barely miss something. You barely miss something. Something hits you.
You slash something! Something hits you!
* * * LOW HITPOINT WARNING * * *
You closely miss something. Something hits you.
* * * LOW HITPOINT WARNING * * *
You barely miss something. Something hits you but does no damage.
You miss something. Something hits you.
* * * LOW HITPOINT WARNING * * *
You barely miss something. You closely miss something.
Something hits you but does no damage.
Unknown command.
You barely miss something. Something hits you but does no damage.
You miss something. Something hits you but does no damage.
You barely miss something. Something hits you.
* * * LOW HITPOINT WARNING * * *
You slash something! Something hits you.
* * * LOW HITPOINT WARNING * * *
You closely miss something. You hit something. Something hits you!
You die...

#.....# ##.....##
....... ..... ...
#{# #@# #####
#####.#### #..)#
#........# #...#
#.###.##.###...####
#.###.##..........#
##.................#
#......##..........#
#...#...#.###...####
##### #.........#
#...#


There were no monsters in sight!

Vanquished Creatures
  2 worms (D:2)
  3 dart slugs (D:1)
  3 bats
  3 endoplasms
  A giant cockroach (D:2)
  2 goblins (D:1)
  4 hobgoblins
  A quokka (D:2)
  4 ball pythons (D:1)
  2 rats (D:1)
25 creatures vanquished.

Notes
Turn   | Place    | Note
-------+----------+-------------------------------------------
     0 | D:1      | Decritt the Gargoyle Fighter began the quest for the Orb.
     0 | D:1      | Reached XP level 1. HP: 14/14 MP: 1/1
    41 | D:1      | Found a faded altar of an unknown god.
   235 | D:1      | Reached XP level 2. HP: 14/19 MP: 0/2
   397 | D:1      | Found Daushud's Armour Boutique.
   799 | D:1      | Found Soekkann's Antique Armour Shop.
  1027 | D:2      | Reached XP level 3. HP: 24/24 MP: 1/3
  1195 | D:2      | Reached skill level 4 in Fighting
  1488 | D:2      | Noticed Sigmund
  1515 | D:2      | Slain by Sigmund

Illustrated notes

Levels and vault maps discovered:
D:1:      amcnicky_arrival_abandoned_market, layout_loops_ring, serial_shops,
          shop, nicolae_shop_hallway_plus, hellmonk_ecumenical_altar_run_dry
D:2:      layout_loops_corners, basic_altar, uniq_crazy_yiuf_cottage,
          uniq_sigmund, uniq_natasha

Skill      XL: |  1  2  3 |
---------------+----------+-----
Fighting       | 4 |  4.0
Maces & Flails | |  2.3
Armour         | |  3.6
Shields        | |  3.6

Action                   || total
-------------------------++-------
Melee: Flail             ||     8
       Hand axe          ||    87
Armor: Scale mail        ||    33
Dodge: Dodged            ||    38
Block: Buckler           ||     9

Table legend: (Time is in decaauts)
 A = Elapsed time spent in this place.
 B = Non-inter-level travel time spent in this place.
 C = Inter-level travel time spent in this place.
 D = Time resting spent in this place.
 E = Time spent auto-exploring this place.
 F = Levels seen in this place.
 G = Mean time per level.
                   A        B        C        D        E       F      G
               +--------+--------+--------+--------+--------+-----+--------+
         Total |   1537 |   1517 |     20 |      0 |   1224 |   2 |  768.5 |
       Dungeon |   1537 |   1517 |     20 |      0 |   1224 |   2 |  768.5 |
               +--------+--------+--------+--------+--------+-----+--------+

Top non-repeatable levels by time:
     D:1: 1023 daAuts
     D:2: 514 daAuts
